 Dungeon Crawl Stone Soup version 0.31-a0-232-gb1c03b2570 (webtiles) character file.

Game seed: 6658353700804664477

42 qw the Shooter (level 3, 0/22 HPs)
             Began as a Gargoyle Hexslinger on July 7, 2023.
             Slain by a gnoll
             ... wielding a +0 spear
              (2 damage)
             ... on level 2 of the Dungeon.
             The game lasted 00:00:17 (732 turns).

qw the Shooter (Gargoyle Hexslinger)                 Turns: 732, Time: 00:00:18

Health: 0/22       AC:  5    Str: 11    XL:     3   Next: 54%
Magic:  4/4        EV: 12    Int: 13    God:
Gold:   20         SH:  0    Dex: 14    Spells: 3/4 levels left

rFire   + . .        Y - +1 sling
rCold   + . .        (no shield)
rNeg    + . .        c - +0 robe
rPois   inf          (no helmet)
rElec   +            d - scarf {rC+ rF+}
rCorr   .            (no gloves)
SInv    .            (no boots)
Will    .....        (no amulet)
Stlth   +            (no ring)
HPRegen 0.23/turn    (no ring)
MPRegen 0.09/turn

%: no passive effects
@: no status effects
A: sickness immunity, AC +3, negative energy resistance 1, electricity
resistance, torment resistance 1, petrification resistance
a: no special abilities


You were on level 2 of the Dungeon.
You visited 1 branch of the dungeon, and saw 2 of its levels.

You collected 40 gold pieces.
You spent 20 gold pieces at shops.


Innate Abilities, Weirdness & Mutations

You are immune to sickness and miasma.
Your stone body is resilient. (AC +3)
You are immune to poison.
You resist negative energy. (rN+)
You are resistant to electric shocks. (rElec)
You are resistant to unholy torment.
You are immune to petrification.


   Skills:
 - Level 2.3 Fighting
 + Level 3.2 Ranged Weapons
 - Level 1.5 Dodging
 - Level 1.0 Spellcasting
 - Level 2.6 Hexes


You had 3 spell levels left.
You knew the following spells:

 Your Spells              Type           Power      Damage    Failure   Level
a - Slow                  Hex            28%        N/A       10%         1

Your spell library contained the following spells:

 Spells                   Type           Power      Damage    Failure   Level
 Inner Flame              Hex/Fire       4%         N/A       43%         3
 Portal Projectile        Hex/Tloc       8%         N/A       43%         3
 Cause Fear               Hex            3%         N/A       67%         4

Inventory:

Hand Weapons
 Y - a +1 sling (weapon)
Armour
 b - a +0 leather armour
 c - a +0 robe (worn)
 d - a scarf of resistance (worn)
 f - a +2 hat
Scrolls
 a - a scroll of identify
 h - a scroll of immolation {unknown}
 j - a scroll of teleportation {unknown}
Potions
 e - a potion of invisibility {unknown}
 g - a potion of magic {unknown}
 i - a potion of curing {unknown}

Dungeon Overview and Level Annotations

Branches:
Dungeon (2/15)

Altars:

Shops:
D:2 [


Message History

Your Fighting skill increases to level 2!
You have reached level 3!
Your experience leads to an increase in your attributes!
Increase (S)trength, (I)ntelligence, or (D)exterity?
You feel agile. x2
You shoot a sling bullet. The sling bullet hits the gnoll.
The gnoll is lightly wounded.
You shoot a sling bullet. The sling bullet hits the gnoll.
The gnoll is moderately wounded.
The gnoll completely misses you.
You shoot a sling bullet. The sling bullet hits the gnoll!
The gnoll is heavily wounded.
The gnoll barely misses you.
The gnoll hits you from afar with a +0 spear.
You shoot a sling bullet. The sling bullet hits the gnoll.
The gnoll is almost dead.
The quokka bites you.
The gnoll hits you from afar with a +0 spear.
The gnoll hits you with a +0 club. The quokka bites you.
The gnoll hits you with a +0 club. The gnoll misses you.
You shoot a sling bullet.
The sling bullet closely misses the gnoll.
The quokka bites you.
The gnoll hits you from afar with a +0 spear.
The gnoll misses you.
You shoot a sling bullet. The sling bullet hits the gnoll.
You kill the gnoll!
The quokka completely misses you. The gnoll hits you but does no damage.
The quokka bites you but does no damage.
You shoot a sling bullet. The sling bullet hits the quokka.
The quokka is almost dead.
The gnoll barely misses you. The quokka barely misses you.
You shoot a sling bullet. The sling bullet misses the quokka.
The quokka barely misses you. The gnoll closely misses you.
The quokka bites you but does no damage.
The gnoll hits you from afar with a +0 spear.
You shoot a sling bullet. The sling bullet hits the quokka.
You kill the quokka!
The gnoll hits you from afar with a +0 spear.
You die...

#.........# .#.........#
...<.......#
#..........#
#...).....(########
#.................######
#....g)....# ###.......
#......@...####.....)...
#!.##.##........#######.
# #.######## #. ...# #.
##..# ## #..# #..# #..#
#..#


You could see a gnoll.

Vanquished Creatures
  2 gnolls (D:2)
  A dart slug (D:1)
  An endoplasm (D:1)
  2 giant cockroaches
  A goblin (D:2)
  2 hobgoblins (D:2)
  4 kobolds
  2 quokkas (D:2)
  3 ball pythons (D:1)
  A bat (D:2)
  2 rats (D:1)
21 creatures vanquished.

Notes
Turn   | Place    | Note
-------+----------+-------------------------------------------
     0 | D:1      | qw the Gargoyle Hexslinger began the quest for the Orb.
     0 | D:1      | Reached XP level 1. HP: 12/12 MP: 2/2
     0 | D:1      | 0 ||| qw: Version: 0.3-a-46-gb1f654a
     0 | D:1      | 0 ||| qw: Game counter: 2320
     0 | D:1      | 0 ||| qw: Melee chars always use a shield: true
     0 | D:1      | 0 ||| qw: God list: Okawaru
     0 | D:1      | 0 ||| qw: Allow faded altars: false
     0 | D:1      | 0 ||| qw: Do Orc after clearing Dungeon:15 true
     0 | D:1      | 0 ||| qw: Do second Lair branch before Depths: true
     0 | D:1      | 0 ||| qw: Lair rune preference: random
     0 | D:1      | 0 ||| qw: Goals: Normal
     0 | D:1      | 0 ||| PLANNING D:1-11
   125 | D:1      | Reached XP level 2. HP: 15/16 MP: 3/3
   511 | D:1      | 511 ||| UPGRADING to scarf of resistance.
   516 | D:1      | 516 ||| READING 2 scrolls labelled YFUYPA LASE.
   517 | D:1      | 517 ||| READING scroll labelled KOPPI FOEKYIHAFAE.
   530 | D:1      | 530 ||| DROPPING scroll of poison.
   553 | D:2      | Reached skill level 3 in Ranged Weapons
   553 | D:2      | Found Keuguaczi's Armour Boutique.
   567 | D:2      | 567 ||| SHOPLISTING +0 cloak (45 gold, have 30).
   567 | D:2      | 567 ||| BUYING +0 leather armour (20 gold).
   567 | D:2      | Bought a +0 leather armour for 20 gold pieces
   567 | D:2      | 567 ||| SHOPLISTING +0 leather armour of willpower (90
                  | gold, have 10).
   567 | D:2      | 567 ||| SHOPLISTING +0 pair of gloves (45 gold, have 10).
   567 | D:2      | 567 ||| SHOPLISTING +0 ring mail (40 gold, have 10).
   724 | D:2      | Reached XP level 3. HP: 22/22 MP: 4/4
   727 | D:2      | HP: 4/22 [gnoll/+0 club (4)]
   732 | D:2      | Slain by a gnoll

Levels and vault maps discovered:
D:1:      dpeg_arrival_line_fractal, layout_basic, serial_forest,
          infiniplex_forest_end_3, infiniplex_forest_split,
          infiniplex_forest_clump_diagonal, infiniplex_forest_lined_corner
D:2:      layout_loops_ring, serial_shops, nicolae_shop_tiny_statue_garden,
          serial_bayou, serial_bayou_pond_c, serial_bayou_crossing,
          serial_bayou_ford_a, serial_bayou_pond_a,
          shapermc_ecumenical_altar_notcrosses, basic_altar, uniq_robin

Skill      XL: |  1  2 |
---------------+-------+-----
Ranged Weapons | 3 |  3.2
Fighting       | 2 |  2.3
Dodging        | |  1.5
Spellcasting   | |  1.0
Hexes          | |  2.6

Action                     || total
---------------------------++-------
   Fire: Sling             ||    57
    Use: Scroll            ||     2
 Armour: Robe              ||     6
  Dodge: Dodged            ||    13

Table legend:
 A = Non-vault XP
 B = Vault XP
 C = Vault XP percentage of total XP
 D = Non-vault monster count
 E = Vault monster count
 F = Vault count percentage of total count
                 A         B        C        D         E       F
            +---------+---------+-------+---------+---------+-------
      Total |      62 |       0 |   0.0 |      21 |       0 |   0.0
            +---------+---------+-------+---------+---------+-------
        D:1 |      17 |       0 |   0.0 |      10 |       0 |   0.0
        D:2 |      45 |       0 |   0.0 |      11 |       0 |   0.0
            +---------+---------+-------+---------+---------+-------
